 Dungeon Crawl Stone Soup version 0.29.0-10-g45618ea6d2 (webtiles) character file.

Game seed: 14439087526596450207

40 blackman the Chopper (level 3, 0/29 HPs)
             Began as a Demonspawn Monk on Sept 1, 2022.
             Succumbed to an adder's poison
             ... on level 3 of the Dungeon.
             The game lasted 00:02:39 (1100 turns).

blackman the Chopper (Demonspawn Monk)              Turns: 1100, Time: 00:02:39

Health: 0/29       AC:  4    Str: 13    XL:     3   Next: 30%
Magic:  3/3        EV: 12    Int: 11    God:
Gold:   73         SH:  0    Dex: 15    Spells: 2/2 levels left

rFire   . . .      SeeInvis .   a - +0 hand axe
rCold   . . .      Faith    .   (no shield)
rNeg    . . .      Spirit   .   b - +0 robe
rPois   .          Reflect  .   (no helmet)
rElec   .          Harm     .   (no cloak)
rCorr   .          Rampage  .   (no gloves)
Will    .....                   (no boots)
Stlth   ++........              (no amulet)
HPRegen 0.09/turn               (no ring)
MPRegen 0.08/turn               (no ring)

@: lethally poisoned (0 -> -7)
A: icy blue scales 1
a: no special abilities


You were on level 3 of the Dungeon.
You visited 1 branch of the dungeon, and saw 3 of its levels.

You collected 73 gold pieces.

Inventory:

Hand Weapons
 a - a +0 hand axe (weapon)
 c - a +0 trident
Armour
 b - a +0 robe (worn)
Wands
 d - a wand of roots (9)
Scrolls
 e - a scroll of torment
 h - a scroll of immolation {unknown}
Potions
 g - a potion of cancellation {unknown}


   Skills:
 - Level 3.0 Fighting
 + Level 4.0 Axes
 - Level 2.6 Dodging
 - Level 1.7 Stealth


You had 2 spell levels left.
You didn't know any spells.
Your spell library contained the following spells:

 Spells                   Type           Power      Damage    Failure   Level
 Ensorcelled Hibernation  Hex/Ice        0%         N/A       47%         2
 Spider Form              Tmut/Pois      0%         N/A       71%         3
 Anguish                  Hex/Necr       0%         N/A       98%         4


Dungeon Overview and Level Annotations

Branches:
Dungeon (3/15)

Altars:

Annotations:
D:2 Sigmund


Innate Abilities, Weirdness & Mutations

You are partially covered in icy blue scales. (AC +2)


Message History

The adder is severely wounded.
You feel sick. The adder bites you.
You barely miss the adder.
The adder is severely wounded.
You feel sick. The adder bites you.
* * * LOW HITPOINT WARNING * * *
You are lethally poisoned!
The adder poisons you! The adder bites you but does no damage.
You barely miss the adder.
The adder is severely wounded.
* * * LOW HITPOINT WARNING * * *
You feel sick. The adder bites you but does no damage.
You are confused.
You feel invigorated.
You feel sick. The adder barely misses you.
You feel sick. The adder bites you.
* * * LOW HITPOINT WARNING * * *
You are lethally poisoned!
The adder poisons you! The adder bites you.
* * * LOW HITPOINT WARNING * * *
You're too confused to move!
* * * LOW HITPOINT WARNING * * *
You feel sick. The adder bites you.
* * * LOW HITPOINT WARNING * * *
You are more poisoned.
The adder poisons you!
You feel less invigorated.
You feel less confused.
* * * LOW HITPOINT WARNING * * *
You feel very sick. The adder barely misses you.
You slash the adder!
You kill the adder!
* * * LOW HITPOINT WARNING * * *
You feel sick.
Your Axes skill increases to level 4!
* * * LOW HITPOINT WARNING * * *
You feel sick.
You see here a +0 trident.
c - a +0 trident You die...

#................#
<..........†.###
.#.#.......#...#
#.......# ..#
#.......# .#
#.......# ..#
#.#.......#...#
............>.#
#.#.....@.#...#
#.#.......#.....
#...........#.
#..........)..
#.............
#######+#.....
..... .....


There were no monsters in sight!

Vanquished Creatures
  An adder (D:3)
  A dart slug (D:1)
  3 ball pythons
  A bat (D:1)
  6 giant cockroaches (D:2)
  3 goblins
  2 hobgoblins
  A quokka (D:1)
  3 frilled lizards (D:1)
  5 kobolds
  A rat (D:1)
27 creatures vanquished.

Notes
Turn   | Place    | Note
-------+----------+-------------------------------------------
     0 | D:1      | blackman the Demonspawn Monk began the quest for the Orb.
     0 | D:1      | Reached XP level 1. HP: 18/18 MP: 1/1
   186 | D:1      | Reached skill level 3 in Axes
   396 | D:1      | Gained mutation: You are partially covered in icy blue
                  | scales. (AC +2) [demonic ancestry]
   396 | D:1      | Reached XP level 2. HP: 24/24 MP: 2/2
  1005 | D:2      | Reached XP level 3. HP: 28/29 MP: 3/3
  1033 | D:2      | Noticed Sigmund
  1065 | D:3      | Found a faded altar of an unknown god.
  1099 | D:3      | Reached skill level 4 in Axes
  1099 | D:3      | HP: 1/29 [poisoned by an adder]
  1100 | D:3      | Succumbed to an adder's poison

Illustrated notes

Levels and vault maps discovered:
D:1:      dpeg_arrival_three_smaller_balls, layout_loops_ring
D:2:      layout_basic, minmay_worlds_worst_comb, uniq_sigmund
D:3:      layout_basic, hellmonk_ecumenical_altar_run_dry, corexii_shack

Skill      XL: |  1  2  3 |
---------------+----------+-----
Axes           | 3 4 |  4.0
Fighting       | |  3.0
Dodging        | |  2.6
Stealth        | |  1.7

Action                   || total
-------------------------++-------
Melee: Hand axe          ||    81
  Use: Scroll            ||     2
       Potion            ||     1
 Stab: Sleeping          ||     9
Armor: Robe              ||    14
Dodge: Dodged            ||    52
